[ AOE2 MATCH · #462542216 ]
UnrankedMongols vs Georgians
[ REPLAY ANALYSIS · EXTRACTED FROM THE RECORDED GAME ]
Feudal
—
Castle
—
Imperial
—
| APM avg | 19.1 |
| APM peak | 42 |
| eAPM avg | 17.8 |
| Villagers / military | 232 / 1191 |
Focus
⚔️ 52.6% · 🌾 47.4%
Mangudai ×587 · Mangonel ×237 · Steppe Lancer ×219 · Camel Scout ×115 · Trade Cart ×100 · Scorpion ×33
Feudal
—
Castle
—
Imperial
—
| APM avg | 40.5 |
| APM peak | 105 |
| eAPM avg | 37.4 |
| Villagers / military | 150 / 1651 |
Focus
⚔️ 55.6% · 🌾 44.4%
Battle Elephant ×695 · Scorpion ×450 · Scout Cavalry ×235 · Ballista Elephant ×150 · Trade Cart ×75 · Mangonel ×70
Feudal
—
Castle
—
Imperial
—
| APM avg | 29.7 |
| APM peak | 77 |
| eAPM avg | 22.4 |
| Villagers / military | 225 / 727 |
Focus
⚔️ 35.8% · 🌾 64.2%
Spearman ×277 · Knight ×235 · Chu Ko Nu ×145 · Trade Cart ×75 · Iron Pagoda ×40 · Battering Ram ×20
Feudal
—
Castle
—
Imperial
—
| APM avg | 43.2 |
| APM peak | 206 |
| eAPM avg | 41.7 |
| Villagers / military | 385 / 2194 |
Focus
⚔️ 50.3% · 🌾 49.7%
Knight ×949 · Spearman ×369 · Chu Ko Nu ×302 · Iron Pagoda ×232 · Trade Cart ×200 · Scorpion ×136
Feudal
—
Castle
—
Imperial
—
| APM avg | 27.6 |
| APM peak | 88 |
| eAPM avg | 25.2 |
| Villagers / military | 223 / 971 |
Focus
⚔️ 55.1% · 🌾 44.9%
Spearman ×675 · Bombard Cannon ×290 · Trade Cart ×65 · Trebuchet (Packed) ×6
Feudal
—
Castle
—
Imperial
—
| APM avg | 79.7 |
| APM peak | 156 |
| eAPM avg | 76.9 |
| Villagers / military | 488 / 3454 |
Focus
⚔️ 66.4% · 🌾 33.6%
Monaspa ×3109 · Trade Cart ×550 · Mangonel ×277 · Trebuchet (Packed) ×67 · Monk ×1
Match map
Resources at game start + every placement click. Thick line = wall · dashed box = detected house wall. 🟡 gold · ⚪ stone · 🟢 berries · 🔶 boar · ⭕ relic
Inputs per minute
— IsaacNewton - - Sheldor
Build order — IsaacNewton
First 150 of 620 actions detected
| 0:33 | Build | Mining Camp |
| 0:35 | Build | Mining Camp |
| 0:42 | Build | House |
| 0:43 | Build | House |
| 0:45 | Build | House |
| 0:46 | Build | House |
| 0:48 | Build | House |
| 0:50 | Build | House |
| 0:57 | Build | Town Center |
| 1:01 | Build | Town Center |
| 1:13 | Build | Town Center |
| 1:16 | Build | Town Center |
| 1:21 | Build | Town Center |
| 1:26 | Create | Villager (Male) ×5 |
| 1:26 | Create | Villager (Male) ×5 |
| 1:26 | Create | Villager (Male) ×5 |
| 1:45 | Create | Villager (Male) |
| 1:45 | Create | Villager (Male) |
| 1:45 | Create | Villager (Male) |
| 1:46 | Create | Villager (Male) ×5 |
| 1:47 | Create | Villager (Male) ×5 |
| 1:47 | Create | Villager (Male) ×2 |
| 1:47 | Create | Villager (Male) ×2 |
| 1:57 | Create | Villager (Male) ×5 |
| 1:58 | Create | Villager (Male) ×5 |
| 1:58 | Create | Villager (Male) ×5 |
| 2:28 | Build | Market |
| 2:29 | Build | Market |
| 2:34 | Build | Market |
| 2:36 | Build | Market |
| 2:45 | Create | Villager (Male) ×5 |
| 2:45 | Create | Villager (Male) ×5 |
| 2:46 | Create | Villager (Male) ×5 |
| 2:46 | Create | Villager (Male) ×5 |
| 2:53 | Build | Lumber Camp |
| 3:01 | Build | Lumber Camp |
| 3:05 | Create | Villager (Male) ×5 |
| 3:06 | Create | Villager (Male) ×5 |
| 3:06 | Create | Villager (Male) ×5 |
| 3:12 | Create | Villager (Male) ×4 |
| 3:12 | Create | Villager (Male) ×4 |
| 3:23 | Build | Castle |
| 3:26 | Build | Castle |
| 3:28 | Build | Castle |
| 3:33 | Build | Castle |
| 3:34 | Build | Castle |
| 3:39 | Build | Castle |
| 3:41 | Build | Castle |
| 3:43 | Build | Castle |
| 3:57 | Build | Farm |
| 4:00 | Build | Farm |
| 4:11 | Build | House |
| 4:13 | Build | House |
| 4:14 | Build | House |
| 4:15 | Build | House |
| 4:17 | Build | House |
| 4:18 | Build | House |
| 4:19 | Build | House |
| 4:22 | Build | House |
| 4:23 | Build | House |
| 4:29 | Build | House |
| 4:31 | Build | House |
| 4:33 | Build | House |
| 4:38 | Build | House |
| 4:40 | Build | House |
| 4:41 | Build | House |
| 4:43 | Build | House |
| 4:43 | Build | House |
| 4:46 | Build | House |
| 4:47 | Build | House |
| 4:49 | Build | House |
| 4:50 | Build | House |
| 4:51 | Build | House |
| 4:53 | Build | House |
| 4:54 | Build | House |
| 4:55 | Build | House |
| 4:58 | Build | House |
| 4:59 | Build | House |
| 5:05 | Create | Trade Cart ×5 |
| 5:06 | Create | Trade Cart ×5 |
| 5:06 | Create | Trade Cart ×5 |
| 5:06 | Create | Trade Cart ×5 |
| 5:06 | Create | Trade Cart ×5 |
| 5:07 | Create | Trade Cart ×5 |
| 5:07 | Create | Trade Cart ×5 |
| 5:07 | Create | Trade Cart ×5 |
| 5:07 | Create | Trade Cart ×5 |
| 5:08 | Create | Trade Cart ×5 |
| 5:08 | Create | Trade Cart ×5 |
| 5:08 | Create | Trade Cart ×5 |
| 5:22 | Build | Lumber Camp |
| 5:26 | Create | Villager (Male) ×5 |
| 5:26 | Create | Villager (Male) ×3 |
| 5:33 | Create | Villager (Male) ×5 |
| 5:33 | Create | Villager (Male) ×3 |
| 5:35 | Create | Villager (Male) ×5 |
| 5:36 | Create | Villager (Male) |
| 5:38 | Create | Villager (Male) ×5 |
| 5:38 | Create | Villager (Male) |
| 5:39 | Create | Villager (Male) |
| 5:40 | Create | Villager (Male) ×5 |
| 5:40 | Create | Villager (Male) ×5 |
| 5:40 | Create | Villager (Male) ×4 |
| 5:50 | Build | Lumber Camp |
| 5:55 | Create | Villager (Male) ×5 |
| 5:55 | Create | Villager (Male) |
| 6:16 | Build | Mining Camp |
| 6:34 | Create | Mangudai ×5 |
| 6:34 | Create | Mangudai ×5 |
| 6:35 | Create | Mangudai ×5 |
| 6:54 | Build | Stone Wall |
| 6:56 | Build | Stone Wall |
| 7:00 | Build | Stone Wall |
| 7:04 | Build | Stone Wall |
| 7:09 | Build | Stone Wall |
| 7:12 | Build | Stone Wall |
| 7:20 | Build | Building 490 |
| 7:23 | Build | Building 490 |
| 7:27 | Build | Building 673 |
| 7:30 | Build | Building 490 |
| 7:33 | Build | Building 490 |
| 7:36 | Build | Building 673 |
| 7:38 | Build | Building 490 |
| 7:41 | Build | Building 490 |
| 7:45 | Create | Villager (Male) ×5 |
| 7:45 | Create | Villager (Male) |
| 7:46 | Create | Villager (Male) ×5 |
| 7:47 | Create | Villager (Male) ×5 |
| 7:56 | Build | Farm |
| 7:57 | Build | Farm |
| 7:59 | Build | Farm |
| 8:00 | Build | Farm |
| 8:01 | Build | Farm |
| 8:07 | Create | Villager (Male) ×5 |
| 8:07 | Create | Villager (Male) |
| 8:11 | Create | Villager (Male) ×5 |
| 8:11 | Create | Villager (Male) |
| 8:13 | Create | Villager (Male) ×5 |
| 8:13 | Create | Villager (Male) ×5 |
| 8:15 | Create | Villager (Male) ×5 |
| 8:15 | Create | Villager (Male) ×2 |
| 8:17 | Create | Villager (Male) |
| 8:19 | Create | Villager (Male) |
| 8:32 | Build | Siege Workshop |
| 8:38 | Build | Siege Workshop |
| 8:41 | Build | Siege Workshop |
| 8:43 | Build | Siege Workshop |
| 8:46 | Build | Siege Workshop |
| 8:50 | Build | Siege Workshop |
| 8:54 | Build | Siege Workshop |
Build order — Sheldor
First 150 of 603 actions detected
| 0:01 | Create | Villager (Male) |
| 0:02 | Create | Villager (Male) ×5 |
| 0:04 | Create | Villager (Male) ×5 |
| 0:04 | Create | Villager (Male) ×4 |
| 0:15 | Build | Market |
| 0:17 | Build | Market |
| 0:19 | Build | Market |
| 0:22 | Build | Market |
| 0:25 | Build | Market |
| 0:33 | Build | Town Center |
| 0:39 | Build | Town Center |
| 0:48 | Build | Town Center |
| 0:58 | Build | Town Center |
| 1:06 | Build | House |
| 1:07 | Build | House |
| 1:08 | Build | House |
| 1:10 | Build | House |
| 1:11 | Build | House |
| 1:12 | Build | House |
| 1:13 | Build | House |
| 1:15 | Build | House |
| 1:16 | Build | House |
| 1:17 | Build | House |
| 1:18 | Build | House |
| 1:19 | Build | House |
| 1:21 | Build | House |
| 1:22 | Build | House |
| 1:24 | Build | House |
| 1:25 | Build | House |
| 1:26 | Build | House |
| 1:27 | Build | House |
| 1:29 | Build | House |
| 1:30 | Build | House |
| 1:31 | Build | House |
| 1:35 | Build | House |
| 1:38 | Build | House |
| 1:39 | Build | House |
| 1:41 | Build | House |
| 1:43 | Build | House |
| 1:44 | Build | House |
| 1:45 | Build | House |
| 1:46 | Build | House |
| 1:47 | Build | House |
| 1:53 | Build | Monastery |
| 2:05 | Create | Villager (Male) ×5 |
| 2:06 | Create | Villager (Male) ×5 |
| 2:06 | Create | Villager (Male) ×5 |
| 2:06 | Create | Villager (Male) ×5 |
| 2:07 | Create | Villager (Male) ×5 |
| 2:07 | Create | Villager (Male) ×5 |
| 2:07 | Create | Villager (Male) ×5 |
| 2:07 | Create | Villager (Male) ×5 |
| 2:08 | Create | Villager (Male) ×5 |
| 2:08 | Create | Villager (Male) ×5 |
| 2:08 | Create | Villager (Male) ×5 |
| 2:11 | Create | Villager (Male) ×5 |
| 2:11 | Create | Villager (Male) ×5 |
| 2:11 | Create | Villager (Male) ×5 |
| 2:12 | Create | Villager (Male) ×5 |
| 2:23 | Build | Mining Camp |
| 2:34 | Build | Mining Camp |
| 2:42 | Create | Monk |
| 2:58 | Build | Stone Wall |
| 3:00 | Build | Building 490 |
| 3:10 | Build | Mining Camp |
| 3:17 | Build | Mining Camp |
| 3:24 | Build | Farm |
| 3:25 | Build | Farm |
| 3:27 | Build | Farm |
| 4:14 | Create | Trade Cart ×5 |
| 4:15 | Create | Trade Cart ×5 |
| 4:15 | Create | Trade Cart ×5 |
| 4:15 | Create | Trade Cart ×5 |
| 4:16 | Create | Trade Cart ×5 |
| 4:16 | Create | Trade Cart ×5 |
| 4:16 | Create | Trade Cart ×5 |
| 4:17 | Create | Trade Cart ×5 |
| 4:17 | Create | Trade Cart ×5 |
| 4:18 | Create | Trade Cart ×5 |
| 4:18 | Create | Trade Cart ×5 |
| 4:18 | Create | Trade Cart ×5 |
| 4:19 | Create | Trade Cart ×5 |
| 4:19 | Create | Trade Cart ×5 |
| 4:19 | Create | Trade Cart ×5 |
| 4:42 | Build | House |
| 4:45 | Build | House |
| 4:46 | Build | House |
| 4:48 | Build | House |
| 4:49 | Build | House |
| 4:50 | Build | House |
| 4:52 | Build | House |
| 4:53 | Build | House |
| 4:54 | Build | House |
| 4:56 | Build | House |
| 5:10 | Build | Lumber Camp |
| 5:22 | Build | Lumber Camp |
| 5:31 | Build | Farm |
| 5:33 | Build | Farm |
| 5:35 | Build | Farm |
| 5:37 | Build | Farm |
| 5:39 | Build | Farm |
| 5:55 | Build | Farm |
| 6:16 | Build | Lumber Camp |
| 6:33 | Build | Farm |
| 7:05 | Build | Stone Wall |
| 7:14 | Build | Stone Wall |
| 7:21 | Build | Stone Wall |
| 7:22 | Build | Building 490 |
| 7:26 | Build | Building 490 |
| 7:29 | Build | Building 487 |
| 7:50 | Build | Farm |
| 7:51 | Build | Farm |
| 7:53 | Build | Farm |
| 8:09 | Build | Farm |
| 8:18 | Create | Villager (Male) ×5 |
| 8:19 | Create | Villager (Male) ×5 |
| 8:19 | Create | Villager (Male) ×5 |
| 8:25 | Build | Farm |
| 8:46 | Create | Villager (Male) ×5 |
| 8:46 | Create | Villager (Male) ×5 |
| 8:47 | Create | Villager (Male) ×5 |
| 8:47 | Create | Villager (Male) ×5 |
| 8:47 | Create | Villager (Male) ×5 |
| 8:56 | Create | Villager (Male) ×5 |
| 8:56 | Create | Villager (Male) ×5 |
| 8:57 | Create | Villager (Male) ×5 |
| 8:57 | Create | Villager (Male) ×5 |
| 9:05 | Build | Lumber Camp |
| 9:18 | Build | Farm |
| 9:19 | Build | Farm |
| 9:23 | Build | Lumber Camp |
| 9:41 | Build | Farm |
| 9:46 | Build | House |
| 9:48 | Build | House |
| 9:49 | Build | House |
| 9:50 | Build | House |
| 9:51 | Build | House |
| 9:53 | Build | House |
| 9:54 | Build | House |
| 9:56 | Build | House |
| 9:57 | Build | House |
| 9:58 | Build | House |
| 9:59 | Build | House |
| 10:00 | Build | House |
| 10:02 | Build | House |
| 10:05 | Build | House |
| 10:09 | Build | House |
| 10:10 | Build | House |
| 10:11 | Build | House |
| 10:14 | Build | House |
Build order — Talionlab
First 150 of 447 actions detected
| 0:29 | Build | Market |
| 0:33 | Build | Market |
| 0:35 | Build | Market |
| 0:37 | Build | Market |
| 0:45 | Create | Villager (Male) ×5 |
| 0:46 | Create | Villager (Male) ×5 |
| 0:46 | Create | Villager (Male) ×5 |
| 0:46 | Create | Villager (Male) ×5 |
| 0:46 | Create | Villager (Male) ×5 |
| 0:47 | Create | Villager (Male) ×5 |
| 1:00 | Build | Town Center |
| 1:08 | Build | Town Center |
| 1:22 | Build | Town Center |
| 1:41 | Build | Town Center |
| 1:55 | Build | Town Center |
| 2:22 | Build | Town Center |
| 2:29 | Create | Villager (Male) ×5 |
| 2:30 | Create | Villager (Male) ×5 |
| 2:30 | Create | Villager (Male) ×5 |
| 2:47 | Build | House |
| 2:47 | Build | House |
| 2:48 | Build | House |
| 2:48 | Build | House |
| 2:48 | Build | House |
| 2:49 | Build | House |
| 2:49 | Build | House |
| 2:50 | Build | House |
| 2:50 | Build | House |
| 2:50 | Build | House |
| 2:51 | Build | House |
| 2:52 | Build | House |
| 2:52 | Build | House |
| 2:53 | Build | House |
| 2:53 | Build | House |
| 2:54 | Build | House |
| 2:54 | Build | House |
| 2:55 | Build | House |
| 2:55 | Build | House |
| 2:55 | Build | House |
| 2:56 | Build | House |
| 2:56 | Build | House |
| 2:57 | Build | House |
| 2:58 | Build | House |
| 2:58 | Build | House |
| 2:59 | Build | House |
| 2:59 | Build | House |
| 3:10 | Create | Villager (Male) ×5 |
| 3:11 | Create | Villager (Male) ×5 |
| 3:12 | Create | Villager (Male) ×5 |
| 3:16 | Create | Villager (Male) ×5 |
| 3:17 | Create | Villager (Male) ×5 |
| 3:18 | Create | Villager (Male) ×5 |
| 3:49 | Build | Town Center |
| 4:02 | Create | Villager (Male) ×5 |
| 4:02 | Create | Villager (Male) ×5 |
| 4:03 | Create | Villager (Male) ×5 |
| 4:23 | Build | Town Center |
| 4:37 | Create | Villager (Male) ×5 |
| 4:38 | Create | Villager (Male) ×5 |
| 4:49 | Build | Farm |
| 4:51 | Build | Farm |
| 4:52 | Build | Farm |
| 4:53 | Build | Farm |
| 4:55 | Build | Farm |
| 4:58 | Build | Farm |
| 5:00 | Build | Farm |
| 5:01 | Build | Farm |
| 5:05 | Build | Farm |
| 5:06 | Build | Farm |
| 5:07 | Build | Farm |
| 5:09 | Build | Farm |
| 5:10 | Build | Farm |
| 5:40 | Build | House |
| 5:41 | Build | House |
| 5:41 | Build | House |
| 5:41 | Build | House |
| 5:41 | Build | House |
| 5:42 | Build | House |
| 5:42 | Build | House |
| 5:43 | Build | House |
| 5:43 | Build | House |
| 5:47 | Build | House |
| 5:48 | Build | House |
| 5:48 | Build | House |
| 5:48 | Build | House |
| 5:49 | Build | House |
| 5:49 | Build | House |
| 5:49 | Build | House |
| 5:49 | Build | House |
| 5:50 | Build | House |
| 5:50 | Build | House |
| 5:51 | Build | House |
| 5:51 | Build | House |
| 5:52 | Build | House |
| 5:53 | Build | House |
| 5:53 | Build | House |
| 5:54 | Build | House |
| 6:22 | Build | Town Center |
| 6:24 | Build | Town Center |
| 6:24 | Build | Town Center |
| 6:44 | Create | Villager (Male) ×5 |
| 6:44 | Create | Villager (Male) ×5 |
| 6:45 | Create | Villager (Male) ×5 |
| 6:45 | Create | Villager (Male) ×5 |
| 6:52 | Create | Villager (Male) ×5 |
| 6:52 | Create | Villager (Male) ×5 |
| 6:53 | Create | Villager (Male) ×5 |
| 7:07 | Build | Town Center |
| 7:27 | Create | Villager (Male) ×5 |
| 7:28 | Create | Villager (Male) ×5 |
| 7:29 | Create | Villager (Male) ×5 |
| 7:35 | Create | Villager (Male) ×5 |
| 7:36 | Create | Villager (Male) ×5 |
| 7:36 | Create | Villager (Male) ×5 |
| 8:01 | Create | Villager (Male) ×5 |
| 8:02 | Create | Villager (Male) ×5 |
| 8:03 | Create | Villager (Male) ×5 |
| 8:13 | Create | Villager (Male) ×5 |
| 8:14 | Create | Villager (Male) ×5 |
| 8:14 | Create | Villager (Male) ×5 |
| 8:43 | Create | Villager (Male) ×5 |
| 8:44 | Create | Villager (Male) ×5 |
| 8:45 | Create | Villager (Male) ×5 |
| 8:59 | Build | Farm |
| 9:00 | Build | Farm |
| 9:02 | Build | Farm |
| 9:11 | Build | Farm |
| 9:12 | Build | Farm |
| 9:14 | Build | Farm |
| 9:16 | Build | Farm |
| 9:18 | Build | Farm |
| 9:19 | Build | Farm |
| 9:23 | Build | Farm |
| 9:25 | Build | Farm |
| 9:29 | Build | Farm |
| 9:30 | Build | Farm |
| 9:32 | Build | Farm |
| 9:43 | Build | Mill |
| 10:07 | Build | Lumber Camp |
| 10:09 | Build | Lumber Camp |
| 10:27 | Build | Farm |
| 10:29 | Build | Farm |
| 10:30 | Build | Farm |
| 10:32 | Build | Farm |
| 10:33 | Build | Farm |
| 10:35 | Build | Farm |
| 10:42 | Build | Farm |
| 10:46 | Build | Farm |
| 10:51 | Build | Town Center |
| 10:54 | Build | Farm |
Build order — ErikThaBarbaro
First 150 of 916 actions detected
| 0:04 | Create | Villager (Male) ×5 |
| 0:04 | Create | Villager (Male) ×5 |
| 0:14 | Build | Town Center |
| 0:15 | Build | Town Center |
| 0:16 | Build | Town Center |
| 0:17 | Build | Town Center |
| 0:20 | Build | Town Center |
| 0:23 | Build | Town Center |
| 0:24 | Build | Town Center |
| 0:26 | Build | Town Center |
| 0:26 | Build | Town Center |
| 0:29 | Build | Town Center |
| 1:21 | Build | Market |
| 1:23 | Build | Market |
| 1:25 | Build | Market |
| 1:27 | Build | Market |
| 1:28 | Build | Market |
| 1:30 | Build | Market |
| 1:32 | Build | Market |
| 1:35 | Build | Market |
| 1:48 | Build | House |
| 1:49 | Build | House |
| 1:49 | Build | House |
| 1:50 | Build | House |
| 1:50 | Build | House |
| 1:50 | Build | House |
| 1:50 | Build | House |
| 1:50 | Build | House |
| 1:50 | Build | House |
| 1:51 | Build | House |
| 1:51 | Build | House |
| 1:51 | Build | House |
| 1:52 | Build | House |
| 1:52 | Build | House |
| 1:52 | Build | House |
| 1:52 | Build | House |
| 1:53 | Build | House |
| 1:53 | Build | House |
| 1:53 | Build | House |
| 1:53 | Build | House |
| 1:54 | Build | House |
| 1:54 | Build | House |
| 1:54 | Build | House |
| 1:54 | Build | House |
| 1:57 | Build | House |
| 1:59 | Build | House |
| 1:59 | Build | House |
| 1:59 | Build | House |
| 2:00 | Build | House |
| 2:00 | Build | House |
| 2:00 | Build | House |
| 2:00 | Build | House |
| 2:00 | Build | House |
| 2:01 | Build | House |
| 2:01 | Build | House |
| 2:02 | Build | House |
| 2:02 | Build | House |
| 2:03 | Build | House |
| 2:06 | Build | House |
| 2:06 | Build | House |
| 2:06 | Build | House |
| 2:07 | Build | House |
| 2:07 | Build | House |
| 2:08 | Build | House |
| 2:08 | Build | House |
| 2:08 | Build | House |
| 2:08 | Build | House |
| 2:08 | Build | House |
| 2:09 | Build | House |
| 2:19 | Build | Town Center |
| 2:21 | Build | Town Center |
| 2:25 | Build | Town Center |
| 2:27 | Build | Town Center |
| 2:30 | Build | Town Center |
| 2:45 | Build | Town Center |
| 3:09 | Create | Villager (Male) ×5 |
| 3:09 | Create | Villager (Male) ×5 |
| 3:09 | Create | Villager (Male) ×5 |
| 3:09 | Create | Villager (Male) ×5 |
| 3:10 | Create | Villager (Male) ×5 |
| 3:10 | Create | Villager (Male) ×5 |
| 3:10 | Create | Villager (Male) ×5 |
| 3:10 | Create | Villager (Male) ×5 |
| 3:11 | Create | Villager (Male) ×5 |
| 3:11 | Create | Villager (Male) ×5 |
| 3:12 | Create | Villager (Male) ×5 |
| 3:12 | Create | Villager (Male) ×5 |
| 3:12 | Create | Villager (Male) ×5 |
| 3:12 | Create | Villager (Male) ×5 |
| 3:12 | Create | Villager (Male) ×5 |
| 3:13 | Create | Villager (Male) ×5 |
| 3:13 | Create | Villager (Male) ×5 |
| 3:13 | Create | Villager (Male) ×5 |
| 3:13 | Create | Villager (Male) ×5 |
| 3:14 | Create | Villager (Male) ×5 |
| 3:18 | Create | Villager (Male) ×5 |
| 3:19 | Create | Villager (Male) ×5 |
| 3:19 | Create | Villager (Male) ×5 |
| 3:19 | Create | Villager (Male) ×5 |
| 3:42 | Create | Villager (Male) ×5 |
| 3:42 | Create | Villager (Male) ×5 |
| 3:42 | Create | Villager (Male) ×5 |
| 3:43 | Create | Villager (Male) ×5 |
| 3:43 | Create | Villager (Male) ×5 |
| 3:43 | Create | Villager (Male) ×5 |
| 3:44 | Create | Villager (Male) ×5 |
| 3:44 | Create | Villager (Male) ×5 |
| 3:44 | Create | Villager (Male) ×5 |
| 3:44 | Create | Villager (Male) ×5 |
| 3:50 | Build | Town Center |
| 3:51 | Build | Town Center |
| 3:53 | Build | Town Center |
| 3:54 | Build | Town Center |
| 4:11 | Create | Villager (Male) ×5 |
| 4:11 | Create | Villager (Male) ×5 |
| 4:11 | Create | Villager (Male) ×5 |
| 4:11 | Create | Villager (Male) ×5 |
| 4:12 | Create | Villager (Male) ×5 |
| 4:16 | Create | Villager (Male) ×5 |
| 4:16 | Create | Villager (Male) ×5 |
| 4:17 | Create | Villager (Male) ×5 |
| 4:17 | Create | Villager (Male) ×5 |
| 4:17 | Create | Villager (Male) ×5 |
| 4:17 | Create | Villager (Male) ×5 |
| 4:35 | Create | Villager (Male) ×5 |
| 4:35 | Create | Villager (Male) |
| 4:35 | Create | Villager (Male) ×5 |
| 4:35 | Create | Villager (Male) ×5 |
| 4:36 | Create | Villager (Male) ×5 |
| 4:36 | Create | Villager (Male) ×5 |
| 4:36 | Create | Villager (Male) ×5 |
| 4:36 | Create | Villager (Male) ×5 |
| 4:36 | Create | Villager (Male) ×5 |
| 4:37 | Create | Villager (Male) ×5 |
| 4:37 | Create | Villager (Male) ×5 |
| 4:37 | Create | Villager (Male) ×5 |
| 4:38 | Create | Villager (Male) ×5 |
| 4:38 | Create | Villager (Male) ×5 |
| 4:38 | Create | Villager (Male) ×5 |
| 4:38 | Create | Villager (Male) ×5 |
| 4:39 | Create | Villager (Male) ×4 |
| 4:54 | Build | Castle |
| 4:56 | Build | Castle |
| 4:58 | Build | Castle |
| 5:02 | Build | Castle |
| 5:30 | Create | Trade Cart ×5 |
| 5:30 | Create | Trade Cart ×5 |
| 5:31 | Create | Trade Cart ×5 |
| 5:31 | Create | Trade Cart ×5 |
| 5:31 | Create | Trade Cart ×5 |
Build order — R3drum
First 150 of 463 actions detected
| 0:02 | Create | Villager (Male) |
| 0:03 | Create | Villager (Male) |
| 0:03 | Create | Villager (Male) |
| 0:03 | Create | Villager (Male) |
| 0:04 | Create | Villager (Male) |
| 0:07 | Build | Town Center |
| 0:15 | Build | Town Center |
| 0:17 | Build | Town Center |
| 0:20 | Build | Town Center |
| 0:22 | Build | Town Center |
| 0:31 | Build | House |
| 0:32 | Build | House |
| 0:34 | Build | House |
| 0:35 | Build | House |
| 0:36 | Build | House |
| 0:37 | Build | House |
| 0:38 | Build | House |
| 0:39 | Build | House |
| 0:41 | Build | House |
| 0:57 | Create | Villager (Male) ×5 |
| 0:57 | Create | Villager (Male) ×5 |
| 0:57 | Create | Villager (Male) ×5 |
| 0:58 | Create | Villager (Male) ×5 |
| 0:58 | Create | Villager (Male) ×5 |
| 0:58 | Create | Villager (Male) ×5 |
| 0:58 | Create | Villager (Male) ×2 |
| 1:23 | Build | Town Center |
| 1:24 | Build | Town Center |
| 1:50 | Create | Villager (Male) ×5 |
| 1:51 | Create | Villager (Male) ×5 |
| 1:51 | Create | Villager (Male) ×5 |
| 1:52 | Create | Villager (Male) ×5 |
| 1:52 | Create | Villager (Male) ×5 |
| 2:04 | Build | Town Center |
| 2:11 | Create | Villager (Male) ×5 |
| 2:11 | Create | Villager (Male) ×5 |
| 2:12 | Create | Villager (Male) ×5 |
| 2:12 | Create | Villager (Male) ×5 |
| 2:32 | Create | Villager (Male) ×5 |
| 2:33 | Create | Villager (Male) ×5 |
| 2:33 | Create | Villager (Male) ×5 |
| 2:33 | Create | Villager (Male) ×5 |
| 2:52 | Build | Market |
| 2:54 | Build | Market |
| 2:55 | Build | Market |
| 2:58 | Build | Market |
| 3:00 | Build | Market |
| 3:01 | Build | Market |
| 3:04 | Build | Market |
| 3:05 | Build | Market |
| 3:14 | Create | Villager (Male) ×5 |
| 3:15 | Create | Villager (Male) ×5 |
| 3:15 | Create | Villager (Male) ×5 |
| 3:15 | Create | Villager (Male) ×5 |
| 3:15 | Create | Villager (Male) ×5 |
| 3:16 | Create | Villager (Male) ×5 |
| 3:16 | Create | Villager (Male) ×5 |
| 3:38 | Build | Castle |
| 3:41 | Build | Castle |
| 3:51 | Create | Villager (Male) ×5 |
| 3:52 | Create | Villager (Male) ×5 |
| 3:52 | Create | Villager (Male) ×5 |
| 4:01 | Create | Villager (Male) ×5 |
| 4:02 | Create | Villager (Male) ×5 |
| 4:02 | Create | Villager (Male) ×5 |
| 4:02 | Create | Villager (Male) ×5 |
| 4:03 | Create | Villager (Male) ×5 |
| 4:03 | Create | Villager (Male) ×5 |
| 4:03 | Create | Villager (Male) ×4 |
| 4:10 | Build | Lumber Camp |
| 4:27 | Build | House |
| 4:30 | Build | House |
| 4:31 | Build | House |
| 4:33 | Build | House |
| 4:34 | Build | House |
| 4:36 | Build | House |
| 4:37 | Build | House |
| 4:39 | Build | House |
| 4:40 | Build | House |
| 4:42 | Build | House |
| 4:55 | Create | Trade Cart ×5 |
| 4:56 | Create | Trade Cart ×5 |
| 4:56 | Create | Trade Cart ×5 |
| 4:56 | Create | Trade Cart ×5 |
| 5:16 | Build | Lumber Camp |
| 5:23 | Create | Villager (Male) |
| 5:23 | Create | Villager (Male) |
| 5:24 | Create | Villager (Male) |
| 5:24 | Create | Villager (Male) |
| 5:31 | Create | Villager (Male) ×5 |
| 5:32 | Create | Villager (Male) ×5 |
| 5:32 | Create | Villager (Male) ×5 |
| 5:32 | Create | Villager (Male) ×5 |
| 5:33 | Create | Villager (Male) ×5 |
| 5:33 | Create | Villager (Male) ×5 |
| 5:33 | Create | Villager (Male) ×3 |
| 5:39 | Build | Mining Camp |
| 5:54 | Build | Mining Camp |
| 6:16 | Build | Lumber Camp |
| 6:53 | Create | Trade Cart ×5 |
| 6:53 | Create | Trade Cart ×5 |
| 6:53 | Create | Trade Cart ×5 |
| 6:54 | Create | Trade Cart ×5 |
| 6:54 | Create | Trade Cart ×5 |
| 6:54 | Create | Trade Cart ×5 |
| 6:55 | Create | Trade Cart ×5 |
| 6:55 | Create | Trade Cart ×5 |
| 6:55 | Create | Trade Cart ×5 |
| 7:14 | Build | Castle |
| 7:26 | Build | Barracks |
| 7:27 | Build | Barracks |
| 7:28 | Build | Barracks |
| 7:30 | Build | Barracks |
| 7:31 | Build | Barracks |
| 7:32 | Build | Barracks |
| 7:33 | Build | Barracks |
| 7:34 | Build | Barracks |
| 7:36 | Build | Barracks |
| 7:38 | Build | Barracks |
| 7:39 | Build | Barracks |
| 7:41 | Build | Barracks |
| 7:42 | Build | Barracks |
| 7:44 | Build | Barracks |
| 8:05 | Build | Farm |
| 8:06 | Build | Farm |
| 8:08 | Build | Farm |
| 8:09 | Build | Farm |
| 8:10 | Build | Farm |
| 8:12 | Build | Farm |
| 8:13 | Build | Farm |
| 8:14 | Build | Farm |
| 8:16 | Build | Farm |
| 8:17 | Build | Farm |
| 8:19 | Build | Farm |
| 8:21 | Build | Farm |
| 8:22 | Build | Farm |
| 8:23 | Build | Farm |
| 8:50 | Build | House |
| 8:50 | Build | House |
| 8:51 | Build | House |
| 8:51 | Build | House |
| 8:51 | Build | House |
| 8:51 | Build | House |
| 8:52 | Build | House |
| 8:52 | Build | House |
| 8:54 | Build | House |
| 8:55 | Build | House |
| 8:57 | Build | House |
| 9:17 | Build | Castle |
| 9:37 | Build | Farm |
Build order — mozu5
First 150 of 2518 actions detected
| 0:01 | Create | Villager (Male) |
| 0:01 | Create | Villager (Male) |
| 0:01 | Create | Villager (Male) |
| 0:01 | Create | Villager (Male) |
| 0:03 | Build | Market |
| 0:06 | Build | Town Center |
| 0:08 | Build | Town Center |
| 0:14 | Build | Monastery |
| 0:15 | Create | Villager (Male) |
| 0:15 | Create | Villager (Male) |
| 0:15 | Create | Villager (Male) |
| 0:15 | Create | Villager (Male) |
| 0:15 | Create | Villager (Male) |
| 0:15 | Create | Villager (Male) |
| 0:18 | Build | Town Center |
| 0:27 | Create | Villager (Male) |
| 0:27 | Create | Villager (Male) |
| 0:27 | Create | Villager (Male) |
| 0:27 | Create | Villager (Male) |
| 0:27 | Create | Villager (Male) |
| 0:27 | Create | Villager (Male) |
| 0:27 | Create | Villager (Male) |
| 0:31 | Build | Town Center |
| 0:35 | Build | Market |
| 0:38 | Build | Market |
| 0:40 | Build | Market |
| 0:41 | Build | Market |
| 0:42 | Build | Market |
| 0:43 | Build | Market |
| 0:49 | Create | Villager (Male) |
| 0:49 | Create | Villager (Male) |
| 0:49 | Create | Villager (Male) |
| 0:52 | Create | Villager (Male) |
| 0:52 | Create | Villager (Male) |
| 0:52 | Create | Villager (Male) |
| 0:52 | Create | Villager (Male) |
| 0:52 | Create | Villager (Male) |
| 0:52 | Create | Villager (Male) |
| 0:52 | Create | Villager (Male) |
| 0:56 | Build | Town Center |
| 0:57 | Create | Villager (Male) |
| 0:57 | Create | Villager (Male) |
| 0:57 | Create | Villager (Male) |
| 0:57 | Create | Villager (Male) |
| 0:57 | Create | Villager (Male) |
| 0:57 | Create | Villager (Male) |
| 0:57 | Create | Villager (Male) |
| 0:57 | Create | Villager (Male) |
| 0:57 | Create | Villager (Male) |
| 0:57 | Create | Villager (Male) |
| 0:57 | Create | Villager (Male) |
| 1:01 | Build | Town Center |
| 1:05 | Build | Town Center |
| 1:05 | Create | Villager (Male) |
| 1:05 | Create | Villager (Male) |
| 1:05 | Create | Villager (Male) |
| 1:09 | Build | House |
| 1:09 | Build | House |
| 1:10 | Build | House |
| 1:10 | Build | House |
| 1:10 | Build | House |
| 1:11 | Build | House |
| 1:11 | Build | House |
| 1:11 | Build | House |
| 1:12 | Build | House |
| 1:12 | Build | House |
| 1:12 | Build | House |
| 1:13 | Build | House |
| 1:13 | Build | House |
| 1:13 | Build | House |
| 1:15 | Create | Villager (Male) |
| 1:15 | Create | Villager (Male) |
| 1:15 | Create | Villager (Male) |
| 1:15 | Create | Villager (Male) |
| 1:15 | Create | Villager (Male) |
| 1:19 | Build | Town Center |
| 1:23 | Build | Town Center |
| 1:24 | Create | Villager (Male) |
| 1:24 | Create | Villager (Male) |
| 1:24 | Create | Villager (Male) |
| 1:24 | Create | Villager (Male) |
| 1:28 | Build | Town Center |
| 1:28 | Create | Villager (Male) |
| 1:29 | Create | Villager (Male) |
| 1:29 | Create | Villager (Male) |
| 1:32 | Build | Mule Cart |
| 1:33 | Create | Villager (Male) |
| 1:33 | Create | Villager (Male) |
| 1:33 | Create | Villager (Male) |
| 1:33 | Create | Villager (Male) |
| 1:35 | Create | Villager (Male) |
| 1:35 | Create | Villager (Male) |
| 1:35 | Create | Villager (Male) |
| 1:35 | Create | Villager (Male) |
| 1:35 | Create | Villager (Male) |
| 1:35 | Create | Villager (Male) |
| 1:35 | Create | Villager (Male) |
| 1:35 | Create | Villager (Male) |
| 1:35 | Create | Villager (Male) |
| 1:35 | Create | Villager (Male) |
| 1:36 | Create | Villager (Male) |
| 1:36 | Create | Villager (Male) |
| 1:36 | Create | Villager (Male) |
| 1:36 | Create | Villager (Male) |
| 1:36 | Create | Villager (Male) |
| 1:36 | Create | Villager (Male) |
| 1:36 | Create | Villager (Male) |
| 1:36 | Create | Villager (Male) |
| 1:36 | Create | Villager (Male) |
| 1:36 | Create | Villager (Male) |
| 1:36 | Create | Villager (Male) |
| 1:40 | Create | Villager (Male) |
| 1:40 | Create | Villager (Male) |
| 1:40 | Create | Villager (Male) |
| 1:40 | Create | Villager (Male) |
| 1:40 | Create | Villager (Male) |
| 1:40 | Create | Villager (Male) |
| 1:40 | Create | Villager (Male) |
| 1:45 | Build | Town Center |
| 1:50 | Build | Town Center |
| 1:51 | Create | Villager (Male) |
| 1:51 | Create | Villager (Male) |
| 1:51 | Create | Villager (Male) |
| 1:51 | Create | Villager (Male) |
| 1:56 | Build | House |
| 1:56 | Build | House |
| 1:57 | Build | House |
| 1:57 | Build | House |
| 1:57 | Build | House |
| 1:57 | Build | House |
| 1:58 | Build | House |
| 1:58 | Build | House |
| 1:59 | Create | Villager (Male) |
| 1:59 | Create | Villager (Male) |
| 1:59 | Create | Villager (Male) |
| 1:59 | Create | Villager (Male) |
| 1:59 | Create | Villager (Male) |
| 1:59 | Create | Villager (Male) |
| 2:00 | Create | Villager (Male) |
| 2:01 | Create | Villager (Male) |
| 2:01 | Create | Villager (Male) |
| 2:01 | Create | Villager (Male) |
| 2:01 | Create | Villager (Male) |
| 2:02 | Create | Villager (Male) |
| 2:02 | Create | Villager (Male) |
| 2:02 | Create | Villager (Male) |
| 2:02 | Create | Villager (Male) |
| 2:02 | Create | Villager (Male) |
| 2:02 | Create | Villager (Male) |
| 2:02 | Create | Villager (Male) |
Match timeline
| 0:14 | mozu5 · first_building Monastery |
| 0:21 | mozu5 · first_market_buy 500 stone |
| 1:53 | Sheldor · first_building Monastery |
| 2:35 | mozu5 · first_market_sell 100 wood |
| 2:58 | Sheldor · wall_segment Stone Wall x17 |
| 3:23 | IsaacNewton · first_building Castle |
| 3:38 | R3drum · first_building Castle |
| 3:53 | mozu5 · first_building Castle |
| 4:54 | ErikThaBarbaro · first_building Castle |
| 6:54 | IsaacNewton · wall_segment Stone Wall x21 |
| 6:56 | IsaacNewton · wall_segment Stone Wall x11 |
| 7:00 | IsaacNewton · wall_segment Stone Wall x13 |
| 7:04 | IsaacNewton · wall_segment Stone Wall x10 |
| 7:05 | Sheldor · wall_segment Stone Wall x18 |
| 7:09 | IsaacNewton · wall_segment Stone Wall x11 |
| 7:12 | IsaacNewton · wall_segment Stone Wall x22 |
| 7:14 | Sheldor · wall_segment Stone Wall x6 |
| 7:21 | Sheldor · wall_segment Stone Wall x42 |
| 7:26 | R3drum · first_building Barracks |
| 8:32 | IsaacNewton · first_building Siege Workshop |
| 9:35 | mozu5 · first_building Siege Workshop |
| 10:59 | R3drum · wall_segment Stone Wall x26 |
| 11:10 | IsaacNewton · first_building Stable |
| 11:18 | ErikThaBarbaro · wall_segment Stone Wall x23 |
| 11:26 | ErikThaBarbaro · wall_segment Stone Wall x9 |
| 11:31 | ErikThaBarbaro · wall_segment Stone Wall x20 |
| 11:34 | Sheldor · first_building Castle |
| 11:34 | ErikThaBarbaro · wall_segment Stone Wall x18 |
| 11:48 | R3drum · first_building Siege Workshop |
| 12:37 | Talionlab · first_building Castle |
| 12:46 | R3drum · wall_segment Stone Wall x7 |
| 12:52 | R3drum · wall_segment Stone Wall x26 |
| 12:58 | Sheldor · first_building Siege Workshop |
| 13:28 | R3drum · wall_segment Stone Wall x47 |
| 14:11 | Talionlab · first_building Stable |
| 14:25 | Talionlab · first_building Barracks |
| 15:14 | R3drum · wall_segment Stone Wall x48 |
| 15:27 | ErikThaBarbaro · first_building Stable |
| 15:36 | Sheldor · first_building Stable |
| 16:12 | ErikThaBarbaro · first_building Siege Workshop |
| 16:16 | Talionlab · wall_segment Stone Wall x7 |
| 16:21 | Talionlab · wall_segment Stone Wall x27 |
| 16:31 | ErikThaBarbaro · first_building Archery Range |
| 16:44 | ErikThaBarbaro · first_building Barracks |
| 17:22 | IsaacNewton · first_building Archery Range |
| 17:38 | ErikThaBarbaro · wall_segment Stone Wall x2 |
| 17:40 | Talionlab · first_building Siege Workshop |
| 17:42 | ErikThaBarbaro · wall_segment Stone Wall x18 |
| 18:02 | Sheldor · wall_segment Stone Wall x37 |
| 18:23 | ErikThaBarbaro · wall_segment Stone Wall x66 |
| 18:25 | Talionlab · wall_segment Stone Wall x39 |
| 19:30 | IsaacNewton · wall_segment Palisade Wall x1 |
| 19:31 | IsaacNewton · wall_segment Palisade Wall x1 |
| 19:33 | R3drum · wall_segment Stone Wall x23 |
| 19:54 | Talionlab · wall_segment Stone Wall x50 |
| 19:57 | IsaacNewton · wall_segment Stone Wall x39 |
| 20:00 | IsaacNewton · wall_segment Stone Wall x4 |
| 20:01 | R3drum · wall_segment Stone Wall x6 |
| 20:05 | IsaacNewton · wall_segment Stone Wall x5 |
| 20:12 | IsaacNewton · wall_segment Stone Wall x14 |
| 20:34 | ErikThaBarbaro · first_market_buy 500 stone |
| 22:59 | ErikThaBarbaro · wall_segment Stone Wall x50 |
| 23:26 | IsaacNewton · first_market_sell 500 wood |
| 26:54 | mozu5 · wall_segment Stone Wall x12 |
| 31:39 | mozu5 · wall_segment Stone Wall x11 |
| 33:27 | IsaacNewton · wall_segment Stone Wall x18 |
| 40:20 | R3drum · resign |
[ AI ANALYSIS · 1 CREDIT ]
What really happened in this match?
Wolo.gg analyzes every decision: build order, eco, micro, common mistakes by bracket. Personalized analysis on WhatsApp or Discord in 30 seconds.
Civ guide
Mongols
Map guide
Michi
Perfil
IsaacNewton